 Dungeon Crawl Stone Soup version 0.30-a0-1035-g38d5fb2972 (webtiles) character file.

Game seed: 9916919160397699536

166 cheesebisquit the Ruffian (level 5, -1/46 HPs)
             Began as a Ghoul Gladiator on Apr 8, 2023.
             Slain by a worm (9 damage)
             ... on level 3 of the Dungeon.
             The game lasted 00:04:15 (1624 turns).

cheesebisquit the Ruffian (Ghoul Gladiator)         Turns: 1624, Time: 00:04:16

Health: -1/46      AC:  3    Str: 20    XL:     5   Next: 47%
Magic:  4/4        EV: 12    Int:  3    God:
Gold:   146        SH:  0    Dex: 10    Spells: 4/4 levels left

rFire   . . .      SeeInvis .      - Unarmed
rCold   + . .      Faith    .    (no shield)
rNeg    + + +      Spirit   .    a - +0 leather armour
rPois   ∞          Reflect  .    s - +0 hat
rElec   .          Rampage  .    (no cloak)
rCorr   .                        (no gloves)
Will    .....                    (no boots) Stlth
                                 (no amulet)
HPRegen 0.00/turn                (no ring)
MPRegen 0.09/turn                (no ring)

@: confused, inhibited regen
A: claws 1, cold resistance 1, negative energy resistance 3, inhibited
regeneration, torment resistance 2, devour on kill
a: no special abilities


You were on level 3 of the Dungeon.
You visited 1 branch of the dungeon, and saw 3 of its levels.

You collected 146 gold pieces.

Inventory:

Missiles
 d - a javelin (quivered)
 f - a throwing net
Armour
 a - a +0 leather armour (worn)
 b - a +0 helmet
 s - a +0 hat (worn)
Jewellery
 i - a ring of flight
Scrolls
 e - 2 scrolls of fog {unknown}
 l - 2 scrolls of teleportation {unknown}
 o - a scroll of silence {unknown}
 p - 2 scrolls of identify {unknown}
 q - a scroll of poison {unknown}
Potions
 c - 2 potions of flight {unknown}
 g - a potion of ambrosia {unknown}
 h - a potion of magic {unknown}
 j - 2 potions of heal wounds {unknown}
 k - a potion of mutation {unknown}
 m - a potion of cancellation {unknown}
 n - 2 potions of invisibility {unknown}
 r - a potion of brilliance {unknown}
 t - a potion of attraction {unknown}
 u - a potion of curing {unknown}
 v - a potion of berserk rage {unknown}
 w - a potion of haste {unknown}


   Skills:
 + Level 3.8 Fighting
 - Level 1.7 Throwing
 - Level 2.6 Dodging
 * Level 5.7 Unarmed Combat


You had 4 spell levels left.
You didn't know any spells.
Your spell library was empty.

Dungeon Overview and Level Annotations

Branches:
Dungeon (3/15)

Altars:

Shops:
D:1 ?


Innate Abilities, Weirdness & Mutations

You are immune to poison.
You have sharp fingernails.
Your flesh is cold resistant. (rC+)
You are immune to negative energy. (rN+++)
You do not regenerate when monsters are visible.
You are immune to unholy pain and torment.
You thrive by killing the living.


Message History

The quokka barely misses you.
The orc wizard hits you but does no damage.
The quokka bites you but does no damage.
You closely miss the orc wizard.
The orc wizard is severely wounded.
The orc wizard casts a spell at you. The magic dart hits you!
The quokka bites you but does no damage.
You scratch the orc wizard.
The orc wizard is almost dead.
The orc wizard barely misses you. The quokka bites you.
You barely miss the orc wizard.
The orc wizard is almost dead.
The orc wizard hits you but does no damage.
The worm bites you!
The quokka bites you but does no damage.
You are too injured to fight recklessly!
You are too injured to fight recklessly!
You are too injured to fight recklessly!
You scratch the orc wizard.
The orc wizard is almost dead.
The quokka barely misses you.
The orc wizard points at you and mumbles some strange words.
You are confused.
You miss the quokka. Your claw misses the quokka. The worm barely misses you.
The quokka closely misses you. The orc wizard closely misses you.
An orc comes into view. It is wielding a +0 whip.
The orc shouts!
You scratch the orc wizard.
You kill the orc wizard!
You feel better.
You hear an angry hiss.
The quokka bites you. The worm bites you!
* * * LOW HITPOINT WARNING * * *
You miss the quokka. The quokka bites you.
* * * LOW HITPOINT WARNING * * *
You scratch the quokka.
The quokka is moderately wounded.
The quokka barely misses you. The worm bites you!
You die...

##### ######...#
.........#####
#............###
#.#####........#
#### #)#
#.####.#)#
..o##.## #.#
#.#.#
##w#...####.#
#.#.#
#.)@........#
#.#.#
#.r#.########
#.#.# #<.###
#####...# #..
#.....### ..>
####..# .##.
#..# #. #. ..
#..### # #. #.
#....< ####.#
#..###


You could see a worm, an orc and a quokka.

Vanquished Creatures
  An orc wizard (D:3)
  Natasha (thrice) (D:2)
  An adder (D:2)
  A dart slug (D:3)
  2 orcs
  2 bats (D:2)
  An endoplasm (D:3)
  3 giant cockroaches
  A goblin (D:1)
  11 hobgoblins
  6 jackals
  6 ball pythons (D:1)
  2 frilled lizards
  5 kobolds
  6 rats (D:1)
51 creatures vanquished.

Notes
Turn   | Place    | Note
-------+----------+-------------------------------------------
     0 | D:1      | cheesebisquit the Ghoul Gladiator began the quest for the
                  | Orb.
     0 | D:1      | Reached XP level 1. HP: 17/17 MP: 0/0
   167 | D:1      | Reached XP level 2. HP: 19/25 MP: 1/1
   481 | D:1      | Found Didut's Magic Scroll Shoppe.
   541 | D:1      | Reached skill level 4 in Unarmed Combat
   659 | D:1      | Found a faded altar of an unknown god.
   668 | D:1      | Reached XP level 3. HP: 27/30 MP: 2/2
   739 | D:2      | Noticed Natasha
   749 | D:2      | Killed Natasha
   980 | D:2      | Reached XP level 4. HP: 38/38 MP: 3/3
  1157 | D:2      | Noticed Natasha
  1165 | D:2      | Killed Natasha
  1166 | D:2      | Reached skill level 5 in Unarmed Combat
  1313 | D:2      | Noticed Natasha
  1321 | D:2      | Killed Natasha
  1322 | D:2      | Reached XP level 5. HP: 32/45 MP: 4/4
  1624 | D:3      | Slain by a worm

Illustrated notes

Levels and vault maps discovered:
D:1:      tarquinn_simple_flora_water_a, layout_basic, serial_shops, shop,
          hellmonk_ecumenical_altar_prayer_group, serial_glass, glass_columns_a,
          glass_columns_c, glass_columns_b, glass_columns_a, glass_columns_c,
          glass_columns_a, glass_columns_c, glass_columns_a, glass_columns_a,
          glass_columns_a, glass_columns_a, glass_columns_c, glass_columns_c,
          glass_columns_b, minmay_strange_pillars
D:2:      layout_basic, chequers_serial_rivers_micro_a, corexii_shack,
          uniq_natasha
D:3:      layout_loops_ring, bloody_makhleb, trog_book

Skill      XL: |  1  2  3  4 |
---------------+-------------+-----
Unarmed Combat | 4 5 |  5.7
Fighting       | 3 |  3.8
Throwing       | |  1.7
Dodging        | |  2.6

Action                     |  1- 3 |  4- 6 || total
---------------------------+-------+-------++-------
  Melee: Unarmed           |    92 |    82 ||   174
         Punch             |     2 |     1 ||     3
  Throw: Throwing net      |     8 |       ||     8
         Javelin           |     3 |       ||     3
 Armour: Leather armour    |    24 |    30 ||    54
  Dodge: Dodged            |    72 |    60 ||   132

Table legend: (Time is in decaauts)
 A = Elapsed time spent in this place.
 B = Non-inter-level travel time spent in this place.
 C = Inter-level travel time spent in this place.
 D = Time resting spent in this place.
 E = Time spent auto-exploring this place.
 F = Levels seen in this place.
 G = Mean time per level.
                   A        B        C        D        E       F      G
               +--------+--------+--------+--------+--------+-----+--------+
         Total |   1616 |   1593 |     23 |      0 |   1216 |   3 |  538.7 |
       Dungeon |   1616 |   1593 |     23 |      0 |   1216 |   3 |  538.7 |
               +--------+--------+--------+--------+--------+-----+--------+

Top non-repeatable levels by time:
     D:1: 728 daAuts
     D:2: 688 daAuts
     D:3: 199 daAuts
